cohdb
Replays
Latest Replays
All Replays
Popular Replays
Top Player Replays
Match Explorer
How It Works
Community
CoH3 Stats
Reddit
Sign in to upload your games and track your stats! →
Sign in with Steam
Match 45676671
Unlisted
Match 45676671
Overview
Messages
Build Orders
End
Scout Squad
Construct Barracks
Riflemen Squad
Riflemen Squad
1⁄4-ton 4x4 Truck
Infantry Support Center
Construct Medical Station
Selects Airborne Battlegroup
Selects Heavy Machine Gun Paradrop
Heavy Machine Gun Paradrop
Selects Paratrooper Squad Paradrop
Paratrooper Squad Paradrop
Selects Anti-tank Gun Team Paradrop
Anti-tank Gun Team Paradrop
Construct Tank Depot
Construct Tank Depot
M4A1 Sherman Medium Tank
M4A1 Sherman Medium Tank
Engineer Squad
Cory The Gardener
Liberator4515
0
0
Comments
sign in to comment!
No comments posted yet!